 Dungeon Crawl Stone Soup version 0.31.0-12-g77e489cdc1 (webtiles) character file.

Game seed: 6450428028583033824

1385 Fodor the Cleaver (level 8, -1/70 HPs)
             Began as a Minotaur Fighter on Feb 13, 2024.
             Shot with an arrow by a centaur (6 damage)
             ... on level 8 of the Dungeon.
             The game lasted 00:23:36 (5148 turns).

Fodor the Cleaver (Minotaur Fighter)                Turns: 5148, Time: 00:23:37

Health: -1/70      AC: 10    Str: 22    XL:     8   Next: 40%
Magic:  7/7        EV: 10    Int:  5    God:
Gold:   282        SH:  6    Dex: 17    Spells: 7/7 levels left

rFire   . . .        a - +0 war axe
rCold   . . .        c - +0 buckler
rNeg    . . .        m - +1 scale mail {rPois}
rPois   +            (helmet restricted)
rElec   .            b - +0 cloak
rCorr   .            (no gloves)
SInv    .            (no boots)
Will    .....        (no amulet) Stlth
                     j - +6 ring of dexterity
HPRegen 0.31/turn    (no ring)
MPRegen 0.10/turn

%: no passive effects
@: no status effects
A: horns 2, retaliatory headbutt
a: no special abilities


You were on level 8 of the Dungeon.
You visited 1 branch of the dungeon, and saw 6 of its levels.

You collected 282 gold pieces.

Inventory:

Hand Weapons
 a - a +0 war axe (weapon)
 o - a +0 shortbow
Missiles
 s - 4 boomerangs (quivered)
Armour
 b - a +0 cloak (worn)
 c - a +0 buckler (worn)
 m - a +1 scale mail of poison resistance (worn)
Jewellery
 j - a +6 ring of dexterity (left hand)
 k - an amulet of faith
Wands
 f - a wand of mindburst (17)
 t - a wand of charming (15)
Scrolls
 e - 2 scrolls of teleportation
 g - a scroll of enchant armour {unknown}
 h - a scroll of acquirement
 l - 3 scrolls of fog
 n - a scroll of blinking
 q - a scroll of fear {unknown}
 w - a scroll of identify
 x - a scroll of brand weapon {unknown}
Potions
 d - 3 potions of might
 i - 2 potions of attraction {unknown}
 p - a potion of heal wounds {unknown}
 r - a potion of cancellation {unknown}
 u - 2 potions of curing
 v - a potion of mutation {unknown}


   Skills:
 + Level 6.1 Fighting
 + Level 8.7 Axes
 + Level 7.0 Armour
 + Level 2.1 Dodging
 + Level 0.4 Stealth
 + Level 5.1 Shields


You had 7 spell levels left.
You didn't know any spells.
Your spell library contained the following spells:

 Spells                   Type           Power      Damage    Failure   Level
 Magic Dart               Conj           0%         1d3       83%         1
 Blink                    Tloc           0%         N/A       93%         2
 Lesser Beckoning         Tloc           0%         N/A       93%         2
 Momentum Strike          Conj/Tloc      0%         3d8       93%         2
 Scorch                   Fire           0%         2d5       93%         2
 Searing Ray              Conj           0%         2d4       93%         2
 Flame Wave               Conj/Fire      0%         2d4       100%        4
 Fulminant Prism          Conj/Alch      0%         3d5       100%        4
 Summon Cactus Giant      Summ           0%         N/A       100%        6


Dungeon Overview and Level Annotations

Branches:
Dungeon (5/15)             Temple (0/1) D:5

Altars:
Yredelemnul

Shops:
D:1 =   D:3 *

Annotations:
D:4 1 transporter, PaiMei's ghost, novice DsNe


Innate Abilities, Weirdness & Mutations

You have a pair of horns on your head.
You reflexively headbutt those who attack you in melee.


Message History

The centaur is engulfed in a cloud of scalding steam.
Things that are here:
a +0 dagger; an orc corpse The centaur zaps a wand.
The puff of flame hits you!
Things that are here:
a +0 hand axe; an orc corpse The centaur shoots an arrow.
The arrow barely misses you.
The centaur zaps a wand.
The puff of flame hits you but does no damage.
The centaur zaps a wand.
The puff of flame hits you!
The centaur shoots an arrow.
The arrow barely misses you.
The centaur shoots an arrow.
The arrow barely misses you.
The centaur shoots an arrow.
You block the arrow.
The centaur shoots an arrow.
The arrow barely misses you.
The centaur shoots an arrow.
You block the arrow.
The centaur shoots an arrow.
The arrow hits you but does no damage.
The centaur shoots an arrow.
The arrow hits you!
The centaur shoots an arrow.
The arrow hits you.
The centaur shoots an arrow.
You block the arrow.
The centaur shoots an arrow.
The arrow closely misses you.
The centaur shoots an arrow.
The arrow barely misses you.
The centaur shoots an arrow.
The arrow hits you!
The centaur zaps a wand.
The puff of flame hits you.
* * * LOW HITPOINT WARNING * * *
An orc comes into view. It is wielding a +0 mace.
You hit the centaur but do no damage. You headbutt the centaur!
The centaur is almost dead.
The centaur zaps a wand.
The puff of flame hits you.
* * * LOW HITPOINT WARNING * * *
The centaur unwields a +0 orcbow.
The centaur hits you.
* * * LOW HITPOINT WARNING * * *
The centaur kicks you but does no damage.
The centaur wields a +0 orcbow.
The centaur shoots an arrow.
The arrow hits you.
* * * LOW HITPOINT WARNING * * *
The centaur shoots an arrow.
The arrow hits you.
* * * LOW HITPOINT WARNING * * *
The centaur shoots an arrow.
The arrow closely misses you.
The centaur shoots an arrow.
The arrow hits you.
You die...

..... .. #..#.# .# . ...#.# ?##.
##.#...##### ... ...... . ..# ..
[.##.#.# #.#### .#
#.##.#.###.##.###############.###
................@...ccDooo).cD...
#.##.#####.##.###############.##.
#.............# ยงยง.
####..........# .c.. #.########(#
..?. #.# #.# D#.. #.# #.# c#..
#.# #.####### .#.. #.# #.....).#


You could see a steam dragon, 2 centaurs and an orc.

Vanquished Creatures
  A centaur (D:3)
  A kobold brigand (D:3)
  A scorpion (D:5)
  A necrophage (D:5)
  A bullfrog (D:8)
  A water moccasin zombie (D:5)
  A wight (D:5)
  A bombardier beetle (D:5)
  3 bullfrog zombies (D:5)
  A human zombie (D:5)
  4 orc priests
  A hound (D:5)
  2 jellies (D:5)
  A gnoll bouda (D:4)
  3 iguanas (D:5)
  Ijyb (D:3)
  3 orc wizards
  A killer bee zombie (D:5)
  2 hound zombies (D:5)
  2 mummies (D:5)
  11 gnolls
  4 adders
  2 ufetubi (D:5)
  2 ribbon worms
  2 dart slugs
  10 orcs
  5 ball pythons
  3 bats
  6 endoplasms
  3 giant cockroaches
  16 hobgoblins
  2 jackals (D:2)
  4 quokkas
  8 frilled lizards
  9 goblins
  47 kobolds
  6 rats
172 creatures vanquished.

Notes
Turn   | Place    | Note
-------+----------+-------------------------------------------
     0 | D:1      | Fodor the Minotaur Fighter began the quest for the Orb.
     0 | D:1      | Reached XP level 1. HP: 19/19 MP: 0/0
    37 | D:1      | Reached XP level 2. HP: 16/27 MP: 1/1
   639 | D:1      | Reached XP level 3. HP: 29/33 MP: 2/2
   815 | D:1      | Found Vyfyr's Jewellery Emporium.
  1019 | D:2      | Reached skill level 3 in Axes
  1308 | D:2      | Reached XP level 4. HP: 40/40 MP: 3/3
  1855 | D:3      | Noticed a centaur
  1870 | D:3      | Killed a centaur
  1871 | D:3      | Reached skill level 4 in Axes
  1871 | D:3      | Reached XP level 5. HP: 5/47 MP: 4/4
  1873 | D:3      | Reached skill level 5 in Axes
  1922 | D:3      | Found Raygusor's General Store.
  2024 | D:3      | Noticed Ijyb
  2037 | D:3      | Killed Ijyb
  2038 | D:3      | Reached skill level 1 in Dodging
  2068 | D:3      | Reached XP level 6. HP: 33/55 MP: 5/5
  2713 | D:3      | Reached skill level 5 in Fighting
  2717 | D:3      | Reached skill level 5 in Armour
  2762 | D:3      | Reached skill level 6 in Axes
  3305 | D:4      | Reached XP level 7. HP: 61/61 MP: 6/6
  3310 | D:4      | Noticed PaiMei's ghost (novice DsNe)
  3311 | D:4      | Found a transporter.
  3315 | D:4      | Found a transporter.
  3898 | D:4      | Identified a scroll of acquirement
  4146 | D:5      | Entered Level 5 of the Dungeon
  4307 | D:5      | Reached skill level 7 in Axes
  4696 | D:5      | Reached skill level 8 in Axes
  4696 | D:5      | Reached XP level 8. HP: 70/70 MP: 7/7
  4722 | D:5      | Found a basalt altar of Yredelemnul.
  4996 | D:5      | Found a staircase to the Ecumenical Temple.
  5061 | D:5      | You fall into a shaft and drop 3 floors!
  5117 | D:8      | Reached skill level 5 in Shields
  5148 | D:8      | Shot with an arrow by a centaur

Illustrated notes

Levels and vault maps discovered:
D:1:      amcnicky_arrival_abandoned_market, layout_basic, serial_shops,
          nicolae_shop_gaudy_bauble, dreamdust_princess_bridge
D:2:      layout_loops_cross
D:3:      minmay_goblin_kobold_castle, layout_basic, serial_shops,
          nicolae_shop_peninsula, chequers_serial_rivers_room_a, nrook_campfire,
          grunt_ministairs_5, uniq_ijyb
D:4:      layout_basic, gammafunk_ghost_arena
D:5:      layout_loops_ring, lemuel_mausoleum_altar_yredelemnul,
          minmay_temple_entry_large_hall, nzn_random_ring
D:8:      layout_basic, uniq_grum

Skill      XL: |  1  2  3  4  5  6  7  8 |
---------------+-------------------------+-----
Armour         | 4 5 6 7 |  7.0
Fighting       | 4 5 6 |  6.1
Shields        | 4 5 |  5.1
Axes           | 3 4 5 6 8 |  8.7
Dodging        | 1 2 |  2.1
Stealth        | |  0.4

Action                     |  1- 3 |  4- 6 |  7- 9 || total
---------------------------+-------+-------+-------++-------
  Melee: War axe           |    65 |   154 |   147 ||   366
         Headbutt          |     9 |    18 |    34 ||    61
    Use: Potion            |       |     4 |       ||     4
         Scroll            |       |       |     5 ||     5
 Armour: Scale mail        |    50 |   110 |   109 ||   269
  Dodge: Dodged            |    26 |    79 |    70 ||   175
  Block: Buckler           |    14 |    53 |    45 ||   112
